Cogmind - Beta 15 @@@ ROGUE MODE // 2025.07.26 @ 00:39:51 Player: ilja Result: Destroyed by S-10 Pest with Light Assault Rifle Performance ------------- Evolutions (0) 0 Regions Visited (2) 400 Robots Destroyed (11) 55 Value Destroyed (171) 171 Prototype IDs (0) 0 Alien Tech Used (0) 0 Bonus (0) 0 TOTAL SCORE: 626 Bonus ------- None Cogmind --------- Core Integrity 0/250 Matter 300/300 Energy 99/100 System Corruption 0% Temperature Cool (0) Movement Core (50) Location -10/Mines Parts ------- > --- POWER (1) -------- (None) > --- PROPULSION (2) --- (None) > --- UTILITY (2) ------ (None) > --- WEAPON (2) ------- (None) > --- INVENTORY (5) ---- (None) Peak State ------------ > --- POWER ------------ Light Ion Engine > --- PROPULSION ------- Light Treads Light Treads > --- UTILITY ---------- Small Storage Unit Seismic Detector > --- WEAPON ----------- EM Pulse Gun Assault Rifle > --- INVENTORY -------- (None) [Rating: 7] Favorites ----------- Power Light Ion Engine Engine Light Ion Engine Propulsion Light Treads Treads Light Treads Utility Small Storage Unit Device Seismic Detector Storage Small Storage Unit Weapon Assault Rifle Energy Gun EM Pulse Gun Energy Cannon Beam Cannon Ballistic Gun Assault Rifle Build | -11 -10 -10 ------- Run | Yrd Mat Min Slots Evolved . | . . . Power . | . . . Propulsion . | . . . Utility . | . . . Weapon . | . . . Parts Attached 10 | 7 . 3 Power 1 | 1 . . Engine 1 | 1 . . Core . | . . . Reactor . | . . . Propulsion 2 | 2 . . Treads 2 | 2 . . Leg . | . . . Wheel . | . . . Hover . | . . . Flight . | . . . Utility 4 | 2 . 2 Device 1 | 1 . . Storage 3 | 1 . 2 Processor . | . . . Hackware . | . . . Protection . | . . . Artifact . | . . . Weapon 3 | 2 . 1 Energy Gun 1 | 1 . . Energy Cannon 1 | . . 1 Ballistic Gun 1 | 1 . . Ballistic Cannon . | . . . Launcher . | . . . Special Weapon . | . . . Impact Weapon . | . . . Slashing Weapon . | . . . Piercing Weapon . | . . . Special Melee Weapon . | . . . Unidentified Prototypes . | . . . Parts Lost 5 | . . 5 Power 1 | . . 1 Propulsion 1 | . . 1 Utility 1 | . . 1 Weapon 2 | . . 2 Highest Loss Streak 2 | . . 2 To Critical Strikes . | . . . Average Backups 1 | . 1 1 Power . | . . . Propulsion . | . . . Utility . | . . . Weapon . | . . . Tool/Special . | . . . Unused Backups . | . . . Power . | . . . Propulsion . | . . . Utility . | . . . Weapon . | . . . Tool/Special . | . . . Average Slot Usage (%) 81 | . 100 73 Engine 12 | . 14 11 Treads 26 | . 28 25 Device 6 | . 14 3 Storage 14 | . 14 14 Energy Gun 7 | . 14 4 Energy Cannon 5 | . . 7 Ballistic Gun 7 | . 14 5 Peak Build Rating 7 | 7 7 7 Average Rating 5 | 4 7 5 On Entrance 4 | . 7 7 Naked Turns 29 | . . 29 Heaviest Build 48 | 13 13 48 Greatest Support 40 | 40 40 40 Greatest Overweight (x) 2 | 1 . 2 Average Overweight (x) . | . . . Largest Inventory Capacity 20 | 8 8 20 Average Capacity 13 | 7 8 17 Most Carried 3 | 3 2 3 Average Carried 1 | . 1 1 Final Capacity 8 | 8 8 5 Final Carried 2 | . 2 . Class Distribution -------------------- 100% | Mutant Dominant Class ---------------- Mutant | -10/Materials Mutant | -10/Mines Resources | -11 -10 -10 ----------- Run | Yrd Mat Min Matter Collected 328 | 301 8 19 Remotely . | . . . Salvage Created 256 | 167 . 89 Parts 14 | 10 . 4 Haulers Intercepted . | . . . Recyclers Shooed . | . . . Parts Field Recycled . | . . . Retrieved Matter . | . . . Parts Self-Destructed . | . . . Prevented . | . . . Kills | -11 -10 -10 ------- Run | Yrd Mat Min Combat Hostiles Destroyed 7 | . . 7 Guns 2 | . . 2 Cannons 5 | . . 5 Classes Destroyed 5 | 3 . 2 Worker 2 | 2 . . Tunneler 1 | 1 . . Recycler 1 | 1 . . Swarmer 5 | . . 5 Demolisher 2 | . . 2 Best Kill Streak 4 | 4 . 3 Combat Bots Only 3 | . . 3 Max Kills in Single Turn 2 | 1 . 2 Gunslinging 1 | . . 1 Exploded . | . . . Melee . | . . . Uniques/NPCs Destroyed . | . . . Combat | -11 -10 -10 -------- Run | Yrd Mat Min Hostile Shots Fired 102 | . . 102 Missed 26 | . . 26 Hits 76 | . . 76 Projectile 76 | . . 76 AOE 5 | . . 5 Damage Taken 769 | . . 769 Core 252 | . . 252 Absorbed by Shields . | . . . Core Remaining (%) 100 | 100 . . Volleys Fired 28 | 13 . 15 Largest 2 | 2 . 2 Hottest 60 | 60 . 60 Shots Fired 39 | 21 . 18 Gun 27 | 21 . 6 Cannon 12 | . . 12 Launcher . | . . . Special . | . . . Kinetic 16 | 13 . 3 Thermal 12 | . . 12 Explosive . | . . . Electromagnetic 11 | 8 . 3 Robot Hit Streak 5 | 5 . 4 Robot Miss Streak 4 | 4 . 2 Penetration Max . | . . . Secondary Targets 1 | . . 1 Max Gunslinging Chain 1 | . . 1 Shots Hit Robots 21 | 11 . 10 Core Hits 13 | 5 . 8 Critical Kills . | . . . Critical Parts Destroyed . | . . . Critical Strikes . | . . . Melee Attacks . | . . . Impact . | . . . Slashing . | . . . Piercing . | . . . Sneak Attacks . | . . . Combat Hostiles . | . . . Follow-up Attacks . | . . . Damage Inflicted 345 | 156 . 189 Guns 203 | 156 . 47 Cannons 142 | . . 142 Explosions . | . . . Melee . | . . . Ramming . | . . . Kinetic 98 | 75 . 23 Thermal 142 | . . 142 Explosive . | . . . Electromagnetic 105 | 81 . 24 Impact . | . . . Slashing . | . . . Piercing . | . . . Highest Corruption . | . . . Average Corruption . | . . . Corruption Purged . | . . . Corruption Blocked . | . . . Overload Shots . | . . . Overflow Damage . | . . . Projectiles . | . . . Explosions . | . . . Melee . | . . . Knockbacks . | . . . Impact . | . . . Kinetic . | . . . Secondary . | . . . Self-Inflicted Damage . | . . . Shots . | . . . Rammed . | . . . Targets Rammed . | . . . Kicked . | . . . Crushed . | . . . Highest Temperature 62 | . . 62 Average Temperature 28 | . . 28 Received Heat Transfer . | . . . Siege Activations . | . . . Martial Activations . | . . . Shielding Activations . | . . . Robots Disrupted . | . . . Combat Hostiles . | . . . Robots Corrupted . | . . . Combat Hostiles . | . . . Parts Fried . | . . . Impact Corruptions . | . . . Robots Melted . | . . . Combat Hostiles . | . . . Parts Melted . | . . . Heat Transferred 296 | . . 296 Parts Sabotaged . | . . . Parts Stolen . | . . . Parts Stripped . | . . . Power Chain Reactions . | . . . Alert | -11 -10 -10 ------- Run | Yrd Mat Min Maximum Alert Level . | . . . Low Security (%) 100 | 100 100 100 Level 1 . | . . . Level 2 . | . . . Level 3 . | . . . Level 4 . | . . . Level 5 . | . . . High Security . | . . . Max Security . | . . . Peak Influence 50 | 10 . 50 Initial . | . . . Average 9 | 1 . 17 Influence Increases 205 | 20 . 185 Destroy 0b10 Robot/C 140 | . . 140 Destroy 0b10 Robot/NC 20 | 20 . . Destroy Leader 30 | . . 30 Lose Combat Pursuer 15 | . . 15 Influence Decreases 180 | 20 . 160 Time Decay 140 | 20 . 120 Lost Part 40 | . . 40 Squads Dispatched 1 | . 1 . Investigation 1 | . 1 . Extermination . | . . . Reinforcement . | . . . Assault . | . . . Garrison . | . . . Intercept . | . . . Searches Triggered . | . . . Construction Impeded . | . . . Haulers Reinforced . | . . . Active Scanning Responses . | . . . Cargo Convoy Interrupts . | . . . Stealth | -11 -10 -10 --------- Run | Yrd Mat Min Distress Signals 1 | . 1 . Communications Jammed . | . . . Distress Signals . | . . . Times Spotted 11 | . . 11 Peak Tracking Total 4 | . . 4 Tactical Retreats 2 | . . 2 Traps | -11 -10 -10 ------- Run | Yrd Mat Min Traps Triggered . | . . . Indirectly . | . . . Trap Hack Attempts . | . . . Triggered . | . . . Disarmed . | . . . Reprogrammed . | . . . Reused . | . . . Traps Extracted . | . . . Installed . | . . . Triggered . | . . . Machines | -11 -10 -10 ---------- Run | Yrd Mat Min Machines Disabled . | . . . Max in Single Turn . | . . . Machines Repaired . | . . . Machines Dismantled . | . . . Machines Sabotaged . | . . . Overloaded Fab Kills . | . . . Hacking | -11 -10 -10 --------- Run | Yrd Mat Min Machines Accessed 1 | . 1 . Terminals 1 | . 1 . Fabricators . | . . . Repair Stations . | . . . Recycling Units . | . . . Scanalyzers . | . . . Garrison Access . | . . . Total Hacks 1 | . 1 . Successful . | . . . Failed 1 | . 1 . Catastrophic . | . . . Database Lockouts . | . . . Manual . | . . . Terminals 1 | . 1 . Fabricators . | . . . Repair Stations . | . . . Recycling Units . | . . . Scanalyzers . | . . . Garrison Access . | . . . Terminal Hacks . | . . . Fabricator Hacks . | . . . Repair Station Hacks . | . . . Recycling Unit Hacks . | . . . Scanalyzer . | . . . Garrison Access Hacks . | . . . Unauthorized Hacks . | . . . Terminals . | . . . Fabricators . | . . . Repair Stations . | . . . Recycling Units . | . . . Scanalyzers . | . . . Garrison Access . | . . . Data Cores Recovered . | . . . Used . | . . . Hacking Detections 1 | . 1 . Full Trace Events . | . . . Feedback Events . | . . . Feedback Blocked . | . . . Robot Schematics Acquired . | . . . Robots Built . | . . . Authchips . | . . . Time . | . . . Total Robot Build Rating . | . . . Part Schematics Acquired . | . . . Parts Built . | . . . Authchips . | . . . Time . | . . . Total Part Build Rating . | . . . Parts Repaired . | . . . Time . | . . . Parts Recycled . | . . . Recycled Matter . | . . . Retrieved Matter . | . . . Retrieved Components . | . . . Parts Scanalyzed . | . . . Part Schematics Acquired . | . . . Parts Damaged . | . . . Bothacking | -11 -10 -10 ------------ Run | Yrd Mat Min Used RIF Installer . | . . . Robots Hacked . | . . . Non-combat . | . . . Combat . | . . . Robot Hacks Applied . | . . . Relay Couplers Released . | . . . Fabnet Peak Effective % . | . . . Robots Rewired . | . . . Allies Hacked . | . . . Hacks Repelled . | . . . Allies | -11 -10 -10 -------- Run | Yrd Mat Min Total Allies . | . . . Largest Group . | . . . Highest-Rated Group . | . . . Highest-Rated Ally . | . . . Total Orders . | . . . Ally Attacks . | . . . Total Damage . | . . . Kills . | . . . Allies Corrupted . | . . . Allies Melted . | . . . Intel | -11 -10 -10 ------- Run | Yrd Mat Min Active Infowar (turns) 262 | 26 150 86 Seismic 262 | 26 150 86 Robot Analysis Total . | . . . Derelict Logs Recovered 1 | . . 1 Drone Launches . | . . . Drone Recoveries . | . . . Exploration | -11 -10 -10 ------------- Run | Yrd Mat Min Turns Passed 717 | 169 150 398 Spaces Moved 387 | 89 93 205 Core 82 | 24 . 58 Treads 305 | 65 93 147 Legs . | . . . Wheels . | . . . Hover . | . . . Flight . | . . . Fastest Speed 50 | 50 160 50 Average Speed 161 | 132 160 174 Slowest Speed 320 | 160 160 320 Overloaded Moves . | . . . Propulsion Burnouts . | . . . Robots Hopped . | . . . Potential Cave-ins . | . . . Cave-ins Triggered . | . . . Exploration Rate (%) 24 | 6 19 47 Regions Visited 2 Branch Regions 1 Pre-discovered Areas . | . . . Known Exits Taken . | . . . Unknown Exits Taken 2 | 1 1 . Scrap Searched . | . . . Spaces Dug . | . . . Terrain Destroyed . | . . . Melee . | . . . Projectile . | . . . AOE . | . . . Terrain Rammed . | . . . Walls Destroyed . | . . . Machines Disabled . | . . . Actions | -11 -10 -10 --------- Run | Yrd Mat Min Total 440 | 117 94 229 Wait 6 | 6 . . Move 385 | 88 92 205 Hop . | . . . Pick Up 6 | 3 2 1 Fast Attach 4 | 4 . . Attach 5 | 3 . 2 Detach . | . . . Swap 1 | . . 1 Drop 5 | . . 5 Fire 28 | 13 . 15 Melee . | . . . Ram . | . . . Kick . | . . . Crush . | . . . Escape Stasis . | . . . Rewire . | . . . Trap . | . . . Miscellaneous . | . . . Route ------- -11/Scrapyard -10/Materials -10/Mines History --------- Turn | Location | Event 19 | -11/Scrapyard | Discovered new exit (range 16) 170 | -11/Scrapyard | Entered Materials 304 | -10/Materials | Build established: Mutant 308 | -10/Materials | Discovered new exit (range 7) 320 | -10/Materials | Entered Mines 350 | -10/Mines | Assembled infested the area 355 | -10/Mines | Assisted by a Guerilla fighting off Assembled 639 | -10/Mines | Core integrity fell below 50% 699 | -10/Mines | Core integrity fell below 20% 718 | -10/Mines | Destroyed by S-10 Pest with Light Assault Rifle Last Messages --------------- 00429_ The unstable cave ceiling collapses. 00446_ EM Pulse Gun destroyed. 00451_ S-10 Pest destroyed. 00462_ Assault Rifle destroyed. 00469_ S-10 Pest destroyed. 00479_ Acquired 14 matter. 00498_ R-06 Scavenger collects Lgt. Ion Engine. 00628_ S-10 Pest destroyed. 00636_ Lgt. Ion Engine destroyed. 00637_ S-10 Pest destroyed. 00644_ Acquired 5 matter. 00645_ K-01 Serf collects debris. 00682_ Lgt. Treads destroyed. 00685_ K-01 Serf collects debris. 00687_ Dropped Lgt. Treads. 00688_ Dropped Hcp. Storage Unit. 00688_ K-01 Serf collects debris. 00688_ Dropped Sml. Battery. 00689_ K-01 Serf collects debris. 00689_ Dropped Beam Cannon. Map ----- +----------------------------------------------------+ | ##???# % ##??????????????????????????????? | | ##????# =% % #??????????????????????????????? | | #?????##### ##??#""##??????????????????????? | | ##?????????# ## X #???????????????????? | | #???????????# #???????????????????? | | ???????????## ] ???????????????????? | | ???????????# =! ???????????????????? | | ???????????# ! ### #???????????????????? | | ???????????# ## ##???? ????????????????????? | | ??????????## ##? ###???????#???????????????????? | | ?????????## #?? #?????????????????????????????? | | ########## ##?? ?????????????????????????????? | | # ##???##?????????????????????????????? | | ##???????????????#???????????????????? | | ##??????????????? #???????????????????? | | # ###??????????????? ??????????????????? | | ### ##????????#####??? ???????????????????? | | ??## ####????????## ### ???????????????????? | | ???# #####??????## ??????????????????????? | | ???# #?????## #?????????????????????????? | | ???##### #????## #??????????????????????????? | | ???????# #???## #??????????????????????????? | | ???????# ##### ##??????????????????????????? | | ???????# # ##???????????????????????????? | | ???????# ## s##############???????????????? | | ???????##### ## s @ ????????? | | ???????????## ### $ ????????? | | ????????????####?################## ????????? | | ?????????????????????????????????????????????????? | | ?????????????????????????????????????????????????? | | ?????????????????????????????????????????????????? | | ?????????????????????????????????????????????????? | | ?????????????????????????????????????????????????? | | ?????????????????????????????????????????????????? | | ?????????????????????????????????????????????????? | | ?????????????????????????????????????????????????? | | ?????????????????????????????????????????????????? | | ?????????????????????????????????????????????????? | | ?????????????????????????????????????????????????? | | ?????????????????????????????????????????????????? | | | | | | | | | | | | | | | | | | | | | +----------------------------------------------------+ Best States ------------- Heat Dissipation 25 Energy Generation 10 Energy Capacity 200 Matter Stores 300 Matter Capacity 300 Sight Range 16 Terrain Scan Density 10 Evasion (%) 50 Recoil Reduction 2 Item Schematics ----------------- None Robot Schematics ------------------ None Fabricated ------------ Nothing Repaired ---------- Nothing Alien Tech Used ----------------- None Achievements -------------- None Challenges ------------ None Game ------ Seed PointyVariableLaser Manual? 0 Play Time 00:09:26 Cumulative 2.2 hours Start 2025.07.26 @ 00:30:04 End 2025.07.26 @ 00:39:51 Sessions 1 Manual Loads 0 Difficulty Rogue Special Mode None Game No. 9 Rogue 9 Adventurer 0 Explorer 0 Win Type - Total 0 Types 0/0/0/0/0/0/0/0/0/0 Lore% 0 Gallery% 5 Achievement% 4 Wizard Run 0 Options --------- Layout 0 ASCII 0 Keyboard 0 Movement Arrows Keybinds 0 Fullscreen 1 Font 20/SmallcapsGlow Map View 66x50 Zoom Use 0% Tactical HUD 1 Map Filters NONE Filters NONE Steam 1 RUN: c6727ccd-a37a-432e-b2c2-e4cf682f0378